Map: Lightshade LE

Players

ELMatador

  • Race: Terran Terran
  • League: Silver

Throwfordays - Winner!

  • Race: Protoss Protoss
  • League: Gold

VOD

Have the link to the VOD?

Description

Time

  • Played on: June 18, 2021, 3:48 p.m.
  • Length: 10:49
Show
View Real Time Build Order
Export as new Build Order

ELMatador Terran 

Build Orders:  

Get SALT Encoding   

  12  0:01  SCV  
  13  0:23  SCV, Supply Depot  
  14  0:30  Refinery  
  15  0:35  SCV  
  15  0:47  SCV  
  16  0:51  Barracks  
  16  0:59  SCV  
  17  1:12  SCV  
  18  1:25  Refinery, SCV  
  19  1:38  SCV  
  20  1:42  Marine  
  21  1:50  SCV, Factory  
  22  2:02  Marine  
  22  2:08  Supply Depot  
  23  2:29  Marine  
  25  2:30  SCV  
  25  2:33  Supply Depot  
  25  2:37  Factory Tech Lab  
  25  2:42  SCV, Command Center  
  26  2:47  Marine  
  27  2:54  SCV  
  27  2:56  Engineering Bay  
  28  3:02  Supply Depot  
  28  3:05  Marine  
  29  3:11  Siege Tank  
  32  3:20  SCV  
  33  3:29  Missile Turret  
  33  3:32  SCV  
  31  3:57  Marine  
  31  4:00  SCV  
  31  4:01  Siege Tank  
  36  4:06  Starport  
  36  4:12  SCV x2  
  36  4:15  Marine  
  39  4:22  Refinery  
  39  4:24  SCV x2  
  41  4:32  Marine  
  41  4:36  SCV  
  43  4:42  Missile Turret  
  43  4:46  Missile Turret  
  43  4:47  Starport Reactor  
  43  4:50  Marine  
  45  4:53  Supply Depot  
  45  4:54  Orbital Command  
  45  4:57  SCV  
  45  5:03  Missile Turret  
  45  5:08  Marine  
  45  5:09  SCV  
  47  5:26  SCV  
  47  5:28  Refinery, Siege Tank  
  51  5:34  Barracks Tech Lab  
  51  5:38  SCV  
  52  5:50  Missile Turret  
  52  6:00  Medivac x2  
  56  6:04  Terran Infantry Weapons Level 1  
  56  6:06  Siege Tank  
  56  6:08  Marine  
  56  6:10  Stimpack  
  60  6:25  Marine  
  60  6:26  Supply Depot  
  60  6:29  Liberator x2  
  67  6:34  Starport  
  67  6:45  Marine  
  67  6:46  Barracks  
  68  7:02  Marine  
  68  7:06  Supply Depot  
  69  7:09  Siege Tank  
  69  7:12  Medivac x2  
  69  7:14  Starport Reactor  
  76  7:18  Supply Depot  
  76  7:20  Marine  
  77  7:42  Liberator  
  80  7:58  Terran Infantry Armor Level 1  
  80  8:03  Liberator  
  85  8:06  Liberator  
  85  8:08  Barracks Reactor  
Show
View Real Time Build Order
Export as new Build Order

Throwfordays Protoss - Winner!

Build Orders: 1 Gate Expand 

Get SALT Encoding   

  12  0:01  Probe  
  13  0:13  Probe  
  14  0:21  Pylon  
  14  0:26  Probe  
  15  0:39  Probe  
  16  0:45  Gateway  
  16  0:51  Probe  
  17  1:10  Probe  
  18  1:12  Assimilator  
  18  1:33  Nexus  
  18  1:37  Cybernetics Core  
  18  1:42  Probe (Chrono Boost)  
  19  1:51  Assimilator  
  19  1:53  Probe (Chrono Boost)  
  20  1:58  Pylon, Probe (Chrono Boost)  
  21  2:10  Warp Gate (Chrono Boost)  
  21  2:13  Adept (Chrono Boost)  
  23  2:21  Probe  
  24  2:33  Probe  
  24  2:34  Adept (Chrono Boost)  
  24  2:36  Pylon  
  27  2:46  Probe  
  27  2:48  Probe  
  29  2:55  Gateway  
  29  2:58  Probe  
  29  3:00  Probe  
  31  3:09  Gateway  
  31  3:10  Probe  
  32  3:13  Probe  
  33  3:22  Probe  
  33  3:25  Probe  
  35  3:35  Probe  
  34  3:59  Gateway  
  34  4:00  Stalker x2  
  38  4:04  Probe  
  38  4:08  Pylon  
  39  4:11  Assimilator  
  39  4:13  Assimilator  
  39  4:15  Stalker  
  39  4:16  Probe  
  42  4:27  Robotics Facility  
  42  4:28  Robotics Facility, Probe  
  43  4:36  Gateway  
  43  4:37  Gateway  
  43  4:40  Probe  
  43  4:41  Probe  
  45  4:48  Stalker  
  45  4:51  Stalker  
  50  4:52  Probe  
  50  4:53  Probe  
  50  4:55  Stalker  
  50  4:59  Stalker  
  55  5:04  Probe  
  55  5:05  Probe  
  57  5:10  Twilight Council  
  57  5:16  Pylon  
  57  5:17  Probe  
  57  5:20  Observer  
  59  5:25  Pylon  
  59  5:29  Probe  
  59  5:32  Probe  
  59  5:34  Immortal  
  65  5:37  Pylon, Observer  
  65  5:41  Immortal  
  69  5:45  Probe  
  70  6:15  Immortal  
  74  6:22  Immortal  
  78  6:33  Forge x2  
  78  6:42  Blink  
  78  6:49  Robotics Bay  
  78  6:50  Nexus  
  78  6:51  Stalker  
  78  6:52  Stalker x3  
  86  7:00  Pylon  
  86  7:02  Pylon  
  86  7:04  Pylon  
  86  7:17  Extended Thermal Lance  
  86  7:18  Probe x2  
  88  7:24  Pylon  
  88  7:26  Pylon  
  88  7:30  Probe x2  
  88  7:34  Templar Archives  
  90  7:43  Probe x2  
  92  7:44  Assimilator  
  92  7:47  Colossus (Chrono Boost)  
  92  7:49  Assimilator  
  98  7:55  Probe x2  
  98  7:57  Colossus (Chrono Boost)  
  100  8:05  Protoss Ground Weapons Level 1 (Chrono Boost), Protoss Ground Armor Level 1 (Chrono Boost)  
  106  8:07  Probe x2  
  108  8:14  Probe  
  108  8:17  Psionic Storm  
  108  8:19  Probe x2  
  111  8:26  Probe  
  112  8:31  Probe x2  
  114  8:38  Probe  
  114  8:39  Colossus  
  121  8:43  Charge (Chrono Boost), Probe  
  122  8:50  Zealot  
  122  8:51  Zealot x5  
  134  9:20  Stalker x3  
  119  9:32  Pylon  
  119  9:34  Pylon  
  119  9:35  Pylon  
  119  9:37  Pylon  
  118  9:45  Zealot x4  
  118  10:26  Zealot x4  
  118  10:27  Zealot x2  
Tags
 
Add a new tag
Caveats
  • Supply blocks, unpowered buildings, or Contaminate may cause inaccurate times.
  • Supply counts are checked every 10 seconds.